[Event "FIDE CB Open 2022"]
[Site "Ceske Budejovice"]
[Date "2022.07.06"]
[Round "6.8"]
[White "Kratochvil, Vit"]
[Black "Simek, Petr"]
[Result "1-0"]
[ECO "B70"]
[WhiteElo "2237"]
[BlackElo "2348"]
[Annotator "TA"]
[PlyCount "99"]
[EventDate "2022.07.01"]
[EventType "swiss"]
[EventCountry "CZE"]
[SourceTitle "playchess.com"]
[Source "ChessBase"]
[SourceQuality "1"]
[TimeControl "40/5400+30:1800+30"]

1. e4 c5 2. Nc3 d6 3. Nf3 Nf6 4. d4 cxd4 5. Nxd4 a6 6. Qf3 g6 7. h3 Bg7 8. Be3 O-O 9. O-O-O {[%emt 0:00:42] B70: Sicilian Dragon: 6 g3 and 6 Be2 (without a later Be3).} Nc6 {[%emt 0:00:07] is the legacy move (9...Nbd7).} 10. Kb1 Bd7 11. Nd5 {[%emt 0:08:36] The position is equal.} Ne5 12. Nxf6+ Bxf6 13. Qg3 {[%emt 0:00:29] [#]} Qc7 $146 ({Predecessor:} 13... Qa5 14. Nb3 Qc7 15. f4 Nc6 16. h4 Rfc8 17. c3 h5 18. Be2 Bg7 19. Qf2 a5 {1-0 (32) Polgar,J (2698)-Swiercz,D (2594) Istanbul 2012}) 14. f4 Rfc8 15. Qf2 Nc4 16. Bxc4 Qxc4 17. Rhf1 Be8 18. Bc1 (18. h4 $11) 18... Rc7 (18... a5 $15) 19. Rfe1 Qc5 20. Be3 Rac8 21. Rd2 Qb4 22. a3 Qa4 23. g4 (23. Nb3 $1 $11) 23... b5 (23... Bc6 $15 {should be considered.} 24. Qf3 (24. g5 Bg7 $11) 24... Bb5) 24. g5 (24. c3 a5 25. e5 (25. g5 Bxd4 26. Bxd4 b4 $17) 25... dxe5 26. fxe5 Bxe5 $15) (24. e5 $11 {keeps the balance.} dxe5 25. Nb3) 24... Bg7 $17 25. f5 Be5 (25... gxf5 26. Nxf5 Qc4 27. Nxg7 Kxg7 28. Bd4+ Kg8 29. e5 dxe5 30. Bxe5 $16) 26. Nf3 {[%emt 0:00:22] [#]} Bh8 {[%emt 0:02:58] This bishop pair is nice.} (26... Qxe4 27. Bb6 Qxf5 28. Bxc7 Rxc7 29. Nxe5 Qxf2 30. Rxf2 $16) (26... Bxb2 $1 $17 27. Kxb2 b4) 27. Bd4 $11 {[%emt 0:00:24] Active counter play!} Bxd4 28. Nxd4 {[%emt 0:00:08] aiming for Qh4.} b4 29. Re3 bxa3 30. Rxa3 Qc4 31. h4 Bb5 $2 {[%emt 0:00:34] [#]} (31... Rb8 $11) 32. h5 $1 $16 {[%emt 0:00:29] Hoping for hxg6.} gxf5 (32... gxh5 33. Rh3 $14) 33. exf5 ({But not} 33. Qxf5 $6 Bd7 34. Qf2 Rc5 $11) 33... Qf1+ 34. Qxf1 Bxf1 35. Rg3 Rc5 {[%emt 0:00:28] [#]} 36. Rf2 ({Better is} 36. f6 $1 $18) 36... Bb5 37. f6 Re5 (37... Bd7 $16) 38. Nf5 $18 exf6 39. gxf6+ Kh8 40. Nxd6 Rf8 41. Rg7 ({White should play} 41. c4 $18 Bd7 42. h6) 41... Be8 {[%emt 0:01:08][%mdl 8192] A mistake that costs the game.} (41... Bd7 $16 42. b3 (42. Nxf7+ Rxf7 43. h6 Be6 $17) 42... Be6) 42. h6 {[%emt 0:02:53] White is clearly winning.} Re6 43. Nc8 Bc6 44. Ne7 Be4 45. Re2 Bf5 (45... a5 $142 46. Kc1 Re8) 46. Rxe6 Bxe6 47. Rg5 Rd8 48. b3 a5 49. Rxa5 Bxb3 50. Nc6 {[%emt 0:00:27] Weighted Error Value: White=0.29 (precise) /Black=0.50} ({Not} 50. cxb3 Rd1+ 51. Kc2 Rd2+ 52. Kc3 Rd3+ 53. Kc4 Rc3+ 54. Kd4 Rc4+ 55. Ke5 Rc5+ 56. Nd5 Rxa5 $16) 1-0

[Event "FIDE CB Open 2022"]
[Site "Ceske Budejovice"]
[Date "2022.07.06"]
[Round "6.9"]
[White "Mostbauer, Florian"]
[Black "Bartos, Jan"]
[Result "1-0"]
[ECO "A13"]
[WhiteElo "2303"]
[BlackElo "2142"]
[Annotator "TA"]
[PlyCount "93"]
[EventDate "2022.07.01"]
[EventType "swiss"]
[EventCountry "CZE"]
[SourceTitle "playchess.com"]
[Source "ChessBase"]
[SourceQuality "1"]
[TimeControl "40/5400+30:1800+30"]

1. c4 e6 2. g3 d5 3. Bg2 Nf6 4. Nf3 d4 5. d3 h6 6. a3 {[%emt 0:02:18] [#] A13: English Opening: 1...e6.} a5 $146 ({Predecessor:} 6... c5 7. Nbd2 Nc6 8. Rb1 a5 9. O-O Bd6 10. Ne1 e5 11. Nc2 O-O 12. Nf3 Re8 {0-1 (41) Pyclik,B (1553)-Reimanis,R (2397) Katowice 2021}) 7. e3 c5 8. exd4 {[%emt 0:10:55] The position is equal.} cxd4 (8... Nc6 9. dxc5 Bxc5 10. Nc3 $16) 9. Ne5 Bd6 10. f4 O-O 11. Nd2 a4 12. O-O Qb6 13. Rb1 Nc6 14. Nxc6 bxc6 15. b4 {[%emt 0:00:35] aiming for c5.} axb3 $1 16. Rxb3 Qc7 17. Qf3 Ra6 18. g4 e5 19. f5 e4 20. Nxe4 Nxe4 21. Qxe4 Bxh2+ 22. Kh1 Qe5 (22... c5 $11) 23. Qxe5 $14 Bxe5 24. Bf4 f6 25. Bxe5 fxe5 26. Re1 h5 27. Rxe5 (27. gxh5 $14 {should be considered.} Bd7 28. Rxe5) 27... hxg4 $11 28. Be4 Kf7 29. Rc5 Rh8+ 30. Kg2 Rh6 (30... Ke7 $1 $11 31. Rxc6 (31. Bxc6 Kd6 $17) 31... Rxc6 32. Bxc6 Bxf5) 31. Kg3 $16 Bd7 32. Rb7 $36 {[%emt 0:01:54][%mdl 2048] Black is under strong pressure.} ({And not} 32. Kxg4 Ke7 $15) 32... Ke7 {[%emt 0:01:07] [#]} 33. f6+ $2 ({Inferior is} 33. Kxg4 Kd6 34. Re5 Rxa3 35. c5+ Kxe5 $15) (33. Re5+ $1 $18 Kf6 34. Kf4) 33... Rxf6 $11 34. Rg5 Rf7 {[%emt 0:01:15][%mdl 8192] [#]} (34... g6 $11) 35. Rf5 $1 $18 {[%emt 0:01:01] White is clearly winning.} Rxf5 36. Bxf5 Kf6 37. Bxd7 Rxa3 38. Bxc6 Rxd3+ 39. Kxg4 {[%emt 0:00:20][%mdl 4096] Endgame KRB-KR} Rc3 40. Bd5 {[%emt 0:00:54] Black must now prevent Rf7+.} Ke5 41. Re7+ Kd6 42. Rxg7 Kc5 43. Kf4 Re3 44. Rb7 Re1 45. Rb5+ Kd6 46. Bf3 Rc1 47. Be2 {[%emt 0:00:00] Weighted Error Value: White=0.13 (very precise) /Black=0.43} 1-0

[Event "FIDE CB Open 2022"]
[Site "Ceske Budejovice"]
[Date "2022.07.06"]
[Round "6.10"]
[White "Hladky, Tadeas"]
[Black "Zeman, Matyas"]
[Result "0-1"]
[ECO "C04"]
[WhiteElo "2095"]
[BlackElo "2262"]
[Annotator "TA"]
[PlyCount "80"]
[EventDate "2022.07.01"]
[EventType "swiss"]
[EventCountry "CZE"]
[SourceTitle "playchess.com"]
[Source "ChessBase"]
[SourceQuality "1"]
[TimeControl "40/5400+30:1800+30"]

1. e4 e6 2. d4 d5 3. Nd2 Nc6 4. Ngf3 Nf6 5. e5 Nd7 6. Nb3 a5 7. a4 b6 8. c3 Be7 {[%emt 0:00:28] C04: French Tarrasch: 3...Nc6.} 9. Bd3 Ba6 10. Bxa6 Rxa6 {[%emt 0:00:03] White is slightly better.} 11. h4 Ra8 {[%emt 0:03:05] [#]} 12. Qe2 $146 ({Predecessor:} 12. Ng5 Nf8 13. Qf3 f6 14. exf6 gxf6 15. Nh3 Kd7 16. Nf4 Kc8 17. h5 Kb7 18. Bd2 {½-½ (25) Venkatesh,M (2463)-Murshed,N (2455) Bhubaneswar 2011}) 12... Qc8 13. Bg5 Qa6 14. Qxa6 Rxa6 15. Bxe7 Kxe7 16. Nc1 f6 17. exf6+ gxf6 18. Nd3 e5 19. dxe5 fxe5 {[%emt 0:00:29] ...e4 is the strong threat.} 20. Ng5 (20. O-O-O $5 ) 20... h6 21. Nh3 Raa8 22. f3 Kd6 $36 {[%emt 0:11:48][%mdl 2048] Black has good play.} 23. O-O-O Rhg8 24. Rd2 {[%emt 0:03:56] White is now going downhill.} Ne7 25. Rhd1 c6 26. c4 Rae8 27. cxd5 cxd5 28. g4 ({White should play} 28. Kb1) 28... Rgf8 29. Ng1 Nc5 {[%emt 0:03:17] [#] Strongly threatening ...Nb3+.} 30. Nxc5 (30. Rg2 $17 {was called for.}) 30... bxc5 $19 ({Worse is} 30... Kxc5 31. Kb1 $17) 31. Rd3 d4 32. Rb3 (32. Ne2 $142) 32... Nd5 33. Rb5 e4 34. fxe4 Rxe4 {[%emt 0:00:04] [#] White must now prevent ...Ne3.} 35. Rxa5 (35. g5 $142 Rxh4 36. gxh6) 35... Nb4 36. Rb5 Rf2 37. Rb6+ (37. g5 $142 hxg5 38. Rxb4 cxb4 39. Nh3) 37... Kd5 38. Rxh6 Rxg4 {[%emt 0:00:16] ( -> ...Rgg2)} 39. Rh5+ Kc4 40. b3+ Kxb3 {[%emt 0:00:13] Weighted Error Value: White=0.68/Black=0.12 (very precise)} 0-1

[Event "FIDE CB Open 2022"]
[Site "Ceske Budejovice"]
[Date "2022.07.06"]
[Round "6.11"]
[White "Palchuk, Andrii"]
[Black "Pirola, Claudionor Alcides L"]
[Result "1-0"]
[ECO "D30"]
[WhiteElo "2248"]
[BlackElo "2100"]
[Annotator "TA"]
[PlyCount "61"]
[EventDate "2022.07.01"]
[EventType "swiss"]
[EventCountry "CZE"]
[SourceTitle "playchess.com"]
[Source "ChessBase"]
[SourceQuality "1"]
[TimeControl "40/5400+30:1800+30"]

1. d4 d5 2. Nf3 e6 3. c4 c6 4. Qc2 dxc4 5. Qxc4 Nf6 6. Bg5 b5 {[%emt 0:00:08] D30: Queen's Gambit Declined: Systems without Nc3.} 7. Qc2 Bb7 8. Nbd2 Nbd7 {[%emt 0:01:52] The position is equal.} 9. e4 a6 10. a4 (10. Bd3 $5 ) 10... Qb6 11. Be2 Rc8 12. O-O h6 {[%emt 0:07:48] [#]} 13. Bh4 $146 (13. Bxf6 $14 Nxf6 14. Rfc1) ({Predecessor:} 13. Be3 c5 14. Rfc1 Ng4 15. Bf4 g5 16. Bg3 Ngf6 17. axb5 axb5 18. dxc5 Rxc5 19. Qd3 {½-½ (66) Saravanan,V (2281)-Bellahcene,B (2498) Biel 2016}) 13... g5 14. Bg3 g4 {[%emt 0:06:49] [#]} (14... Nh5 $11 {remains equal.}) 15. Ne5 $1 $16 {[%emt 0:03:54] White stays focused until the end.} (15. a5 $6 Qa7 16. Ne5 Qxd4 $11) 15... Qxd4 {[%emt 0:02:00] [#]} 16. Nxd7 ({Reject} 16. Nxg4 $6 Nxg4 17. Bxg4 h5 $11) 16... Nxd7 17. Nb3 $36 {[%emt 0:05:56][%mdl 2048] Black is under strong pressure.} Qb4 18. Rfd1 {[%emt 0:01:12] Threatens to win with Rd4.} ({But not} 18. Bxg4 $6 c5 $14) 18... bxa4 (18... c5 $16) 19. Nd2 $18 (19. Qd3 Rd8 20. Nd2 Nb6 $11) 19... Nc5 (19... Nb6 20. Be5 (20. Bxg4 Bg7 $11) 20... Rg8) 20. Be5 Rg8 21. Bc3 Qb6 22. Nc4 Qb3 23. Qd2 {[%emt 0:01:08] Black must now prevent Bf6.} Be7 {[%emt 0:06:08] Prevents Bf6.} 24. Ra3 Rd8 25. Qxd8+ Bxd8 26. Rxb3 Nxb3 27. Nd6+ Ke7 28. Nxb7 Bb6 29. Nd6 h5 30. Nc4 Bc5 31. Ne5 {[%emt 0:00:26][%csl LRa6,LRc6] Weighted Error Value: White=0.09 (flawless) /Black=0.44} 1-0

[Event "FIDE CB Open 2022"]
[Site "Ceske Budejovice"]
[Date "2022.07.06"]
[Round "6.12"]
[White "Simecek, Bohumil"]
[Black "Domalchuk-Jonasson, Aleksandr"]
[Result "0-1"]
[ECO "D02"]
[WhiteElo "2059"]
[BlackElo "2244"]
[Annotator "TA"]
[PlyCount "56"]
[EventDate "2022.07.01"]
[EventType "swiss"]
[EventCountry "CZE"]
[SourceTitle "playchess.com"]
[Source "ChessBase"]
[SourceQuality "1"]
[TimeControl "40/5400+30:1800+30"]

1. d4 d5 2. Nf3 Nf6 3. Bf4 c5 4. e3 Nc6 5. c3 Qb6 6. Qb3 c4 7. Qc2 {[%emt 0:00:35] The main line 7.Qc2 scores better than 7.Qxb6.} Bf5 8. Qc1 (8. Qxf5 $2 Qxb2 9. Nbd2 Qxa1+ $19) 8... Nh5 {[%emt 0:02:06] D02: 1 d4 d5 2 Nf3 sidelines, including 2...Nf6 3 g3 and 2...Nf6 3 Bf4.} 9. Bg3 f6 10. Nbd2 e5 {[%emt 0:00:51] The position is equal.} 11. Be2 {[%emt 0:03:26] [#]} O-O-O $146 ({Predecessor:} 11... e4 12. Ng1 Nxg3 13. hxg3 Bd6 14. Nh3 O-O-O 15. Nf4 Be7 16. g4 Bg6 17. b3 cxb3 18. axb3 {½-½ (90) Lau,L (1991)-Salim,M (1926) Chess.com INT 2021}) 12. Nh4 Bg6 13. Nxg6 hxg6 14. O-O (14. Bxh5 $11 gxh5 15. h3) 14... Bd6 ({Black should try} 14... Nxg3 $17 15. hxg3 Rh6) 15. b3 Nxg3 16. hxg3 cxb3 ({Much less strong is} 16... exd4 17. cxd4 c3 18. Nb1 $14 (18. Qxc3 Kb8 $11)) 17. axb3 (17. Nxb3 $11 {keeps the balance.} Rh6 18. Rb1) 17... Kb8 $17 {[%emt 0:04:37] Black is more active.} 18. Qb2 (18. Qd1 $17) 18... f5 (18... Rh6 $19 {...g5 is the strong threat.} 19. f4 g5) 19. f4 (19. Nf3 $17) 19... exd4 $19 20. exd4 {[%emt 0:02:54] [#]} g5 $1 21. Bd3 (21. b4 $142) 21... gxf4 22. gxf4 g5 23. Nf3 $2 (23. fxg5 Bh2+ 24. Kf2 (24. Kh1 $2 Nxd4 25. cxd4 Be5+ 26. Kg1 Bxd4+ 27. Qxd4 Qxd4+ $19) 24... Ne5 25. Bxf5 Rde8 $17) (23. Bxf5 Bxf4 24. Rae1) 23... Bxf4 24. Rae1 {[%emt 0:00:27] Prevents Be3+.} g4 25. Nh4 Bg3 {[%emt 0:04:21] ( -> ...Nxd4)} 26. Ng6 {[%emt 0:00:53] [#]} (26. Nxf5 $19 Bxe1 27. Rxe1) 26... Nxd4 $1 {[%emt 0:01:26][%mdl 512] Black mates.} 27. cxd4 (27. Rf2 Qxg6) 27... Qxg6 28. Re3 {[%emt 0:00:41] [#]} Rh1+ $3 {[%emt 0:00:10][%mdl 512] Weighted Error Value: White=0.75/Black=0.19 (very precise)} 0-1

[Event "FIDE CB Open 2022"]
[Site "Ceske Budejovice"]
[Date "2022.07.06"]
[Round "6.13"]
[White "Walek, Petr"]
[Black "Laith, Kasib"]
[Result "1-0"]
[ECO "B76"]
[WhiteElo "2237"]
[BlackElo "2079"]
[Annotator "TA"]
[PlyCount "79"]
[EventDate "2022.07.01"]
[EventType "swiss"]
[EventCountry "CZE"]
[SourceTitle "playchess.com"]
[Source "ChessBase"]
[SourceQuality "1"]
[TimeControl "40/5400+30:1800+30"]

1. e4 c5 2. Nf3 d6 3. d4 Nf6 4. Nc3 cxd4 5. Nxd4 g6 6. Be3 Bg7 7. f3 O-O 8. Qd2 Nc6 9. O-O-O d5 10. exd5 Nxd5 11. Nxc6 bxc6 12. Bd4 e5 13. Bc5 Re8 14. Ne4 Be6 {[%emt 0:15:30] 14...Qc7 gains popularity.} 15. h4 h6 16. Ba6 {[%emt 0:30:13] White is more active. B76: Sicilian Dragon: Yugoslav Attack, 9 g4 and 9 0-0-0.} Qc7 {[%emt 0:12:17] [#] Prevents Bb7.} 17. c4 $146 (17. g4 $11) ({Predecessor:} 17. g4 Red8 18. g5 h5 19. Qe1 Rab8 20. Rd3 Bf8 21. Bxf8 Rxf8 22. Bc4 Rfd8 23. Ra3 Qb6 {0-1 (40) Janssen,H (2040)-De Boer,G Rotterdam 1978}) 17... Red8 $17 18. g4 $2 (18. cxd5 cxd5 19. Qc3 dxe4 20. fxe4 Bxa2 $17) (18. Qc2 $15) 18... f5 $2 (18... Nf4 19. Qe3 $15) (18... Nf6 $19 19. Nd6 (19. Nxf6+ $2 Bxf6 20. Qc3 Bg7 $19) 19... e4) 19. gxf5 $11 gxf5 (19... Bxf5 $5 20. cxd5 cxd5 $11) 20. Nd6 {[%emt 0:01:03] And now Nb7 would win.} (20. cxd5 cxd5 21. Qc2 dxe4 22. fxe4 f4 $15) 20... Rxd6 (20... Nf4 {looks sharper.} 21. Be3 Qe7 22. c5 Kh8) 21. Bxd6 Qxd6 22. cxd5 (22. Rhg1 $14 Kh7 23. Kb1 (23. cxd5 cxd5 24. Be2 Rb8 $11)) 22... cxd5 23. Bd3 (23. Rhg1 $11 {and White stays safe.} Kh7 24. Be2 (24. Qg2 Rg8 $17)) 23... e4 $1 $19 {[%emt 0:05:36][%cal Be5e4,Be4e3][%mdl 1056] Black has strong compensation.} 24. Bc2 $2 (24. fxe4 $17 {might work better.} dxe4 25. Bc2) 24... Qe5 25. Bb3 e3 26. Qe2 f4 27. Rhg1 Rc8+ 28. Kb1 Bf5+ 29. Ka1 Kh8 (29... Rc5 $19 30. h5 Kf7) 30. Rxd5 $15 Qf6 31. h5 {[%emt 0:05:30] [#]} (31. Rgd1 $15) 31... Bh7 {[%emt 0:08:46] A strong pair of Bishops.} (31... Bg4 $1 $17 {[%cal Rg4f3][%mdl 512] Strongly threatening ...Bxf3!} 32. Rgd1 {[#]} (32. fxg4 $2 f3 $19) 32... Bxf3 $1 33. Rd8+ Rxd8 34. Rxd8+ Qxd8 35. Qxf3 Qb8) 32. Qg2 {[%emt 0:02:41] [#]} (32. Rd7 $1 $11 {and White is okay.} Rc2 33. Rd8+ Qxd8 34. Bxc2 Bxb2+ 35. Kxb2 Qd4+ 36. Ka3 (36. Kb1 Qb4+ 37. Ka1 Qd4+ 38. Kb1 Qb4+ 39. Kc1 Qa3+ 40. Kd1 Qc3 $11) 36... Qc5+ 37. Kb3 Qd5+ 38. Kc3 Qe5+ 39. Kc4 (39. Kb3 Qd5+ 40. Kb4 Qd6+ 41. Kc3 Qe5+ 42. Kc4 Qe6+ 43. Kd4 Qd6+ 44. Kc3 Qe5+ $11) 39... Qe6+ 40. Kd4 Qf6+ 41. Kc5 Qb6+ 42. Kd5 Qd8+ 43. Kc4 Qc7+ 44. Kb3 Qb6+ 45. Ka4 Qc6+ 46. Kb3 Qd5+ 47. Kc3 Qe5+ 48. Kc4 (48. Kb3 Qd5+ $11) 48... Qe6+ 49. Kd4 Qd6+ 50. Kc3 Qe5+) 32... Bc2 $1 $19 33. Rd8+ Rxd8 34. Qxc2 Qd4 ({Black should try} 34... Qe5 {...e2 is the strong threat.} 35. Qc1 a5) 35. Rd1 ({Better is} 35. a4) 35... Qxd1+ $17 36. Qxd1 Rxd1+ 37. Bxd1 Be5 38. Kb1 {[%emt 0:00:30] Black is better.} Kg7 39. Kc1 Kf6 40. Ba4 {[%emt 0:00:30][%mdl 32768] Weighted Error Value: White=0.63/Black=0.47. Loss on time!?} 1-0

[Event "FIDE CB Open 2022"]
[Site "Ceske Budejovice"]
[Date "2022.07.06"]
[Round "6.14"]
[White "Matras, Ondrej"]
[Black "Rosol, Alexander"]
[Result "1-0"]
[ECO "A58"]
[WhiteElo "2229"]
[BlackElo "2001"]
[Annotator "TA"]
[PlyCount "87"]
[EventDate "2022.07.01"]
[EventType "swiss"]
[EventCountry "CZE"]
[SourceTitle "playchess.com"]
[Source "ChessBase"]
[SourceQuality "1"]
[TimeControl "40/5400+30:1800+30"]

1. d4 Nf6 2. c4 c5 3. d5 b5 4. cxb5 a6 5. bxa6 g6 6. Nc3 {[%emt 0:00:02] A58: Benko/Volga Gambit: Lines with 5 bxa6.} Bg7 7. Nf3 O-O 8. e4 {[%emt 0:02:27] White is slightly better.} Qa5 9. Bd2 Bxa6 10. Bxa6 Qxa6 11. Qe2 e6 {[%emt 0:01:02] 11...d6 gains popularity.} 12. Qxa6 Nxa6 13. dxe6 fxe6 14. Ke2 d5 {[%emt 0:06:49][%mdl 1024] [#] Black has compensation.} 15. Ng5 $146 ({Predecessor:} 15. exd5 exd5 16. Rhd1 Nb4 17. a3 Rfe8+ 18. Kf1 Nd3 19. Rab1 d4 20. Ne2 Ng4 21. Be1 Nxe1 22. Rxe1 {1-0 (137) Ju,W (2514)-Cmilyte,V (2514) Beijing 2013}) 15... Nc7 16. f3 (16. e5 $11 {is superior.} Nh5 17. Nf3) 16... d4 $1 $15 17. Nd1 Ra6 (17... Nd7 $17) 18. Rc1 Nd7 19. a3 Rb8 20. Bf4 (20. h4 $15) 20... Rb7 (20... e5 $17 21. Bd2 Rb3) 21. h4 h6 22. Nh3 $1 Ra4 23. Bd6 (23. Bd2 $15) 23... c4 (23... Na6 $1 $17 {Threatening ...Rb6.} 24. Nf4 Rb6) 24. Nf4 (24. Bb4 $11 {feels stronger.}) 24... Kf7 25. h5 g5 26. Ng6 d3+ (26... Na6 $1 $15 27. b4 Nc7 28. Rxc4 Nb5) 27. Kf1 {[%emt 0:04:32] [#]} (27. Ke3 $11) 27... Bxb2 (27... Rxb2 $1 $17 28. Nxb2 (28. Bxc7 $2 d2 $19) 28... Bxb2) 28. Nxb2 $11 {[%emt 0:04:26] The board is on fire.} Rxb2 29. Ne5+ (29. Bxc7 $11 {was the only way to keep the balance.} c3 30. Rxc3 Rb1+ 31. Kf2 Rxh1 32. Rxd3) 29... Nxe5 $17 30. Bxc7 $2 {[%emt 0:00:02][%mdl 8192] [#]} (30. Bxe5 $17 Rb7 31. Kf2) 30... Rxa3 $2 31. Bxe5 $11 Rb5 32. Kf2 {[%emt 0:34:23] aiming for Ra1.} Rxe5 33. Rxc4 {[%emt 0:00:02][%mdl 4096] Endgame KRR-KRR} Rb5 34. Rd4 e5 35. Rd6 {[%emt 0:00:56] And now Rc1 would win.} Rb2+ 36. Kg3 Kg7 $2 ({Much less strong is} 36... Raa2 37. Rg1 $16) (36... g4 $1 $11) 37. Rc1 $18 {[%emt 0:00:54] Rc7+ would kill now.} Rb7 {[%emt 0:00:54] Inhibits Rc7+.} (37... Rc2 $142 38. Rb1 Ra7) 38. Rcc6 Re7 39. Rxh6 Raa7 40. Rhg6+ $2 (40. Rcg6+ Kf7 41. Rh7+ Kf8 42. Rxe7 Rxe7 43. Rd6) 40... Kh7 41. Rh6+ $2 ({Not} 41. Rxg5 $2 d2 42. Rd6 Rad7 43. Rxd2 (43. Rxd7 $2 Rxd7 44. Kg4 d1=Q $19) 43... Rxd2 $19) (41. Rc1) 41... Kg7 42. Rcg6+ {[%emt 0:00:00] White is clearly winning.} Kf7 43. Rh7+ Kf8 44. Rxe7 {[%emt 0:00:00] White used his chance.  Weighted Error Value: White=0.65/Black=0.55} 1-0

[Event "FIDE CB Open 2022"]
[Site "Ceske Budejovice"]
[Date "2022.07.06"]
[Round "6.15"]
[White "Placer, Sebastian"]
[Black "Kula, Dominik"]
[Result "0-1"]
[ECO "C95"]
[WhiteElo "2062"]
[BlackElo "2229"]
[Annotator "TA"]
[PlyCount "172"]
[EventDate "2022.07.01"]
[EventType "swiss"]
[EventCountry "CZE"]
[SourceTitle "playchess.com"]
[Source "ChessBase"]
[SourceQuality "1"]
[TimeControl "40/5400+30:1800+30"]

1. e4 e5 2. Nf3 Nc6 3. Bb5 a6 4. Ba4 Nf6 5. O-O b5 6. Bb3 Be7 7. Re1 O-O 8. c3 d6 9. h3 Nb8 10. d4 Nbd7 11. Nbd2 Bb7 12. Bc2 Re8 13. Nf1 Bf8 14. Ng3 g6 15. a4 Bg7 16. d5 Qb8 {[%emt 0:04:57] C95: Closed Ruy Lopez: Breyer Variation with 10 d4.} 17. axb5 axb5 18. Rxa8 Qxa8 {[%emt 0:03:48] The position is equal.} 19. b4 Nb6 {[%emt 0:08:03][%cal Bd7b6,Bb6c4,Bc4e3][%mdl 32] [#]} 20. Be3 $146 ({Predecessor:} 20. Qd3 c6 21. dxc6 Bxc6 22. Qxd6 Rd8 23. Qc7 Nc4 24. Rd1 Rxd1+ 25. Bxd1 {½-½ (74) Suetin,A-Lipnitsky,I Voroshilovgrad 1955}) 20... Nc4 21. Nd2 Nxe3 22. Rxe3 c6 23. dxc6 Bxc6 24. Nb3 d5 25. Na5 d4 26. Re1 dxc3 27. Qf3 (27. Re3 $142) 27... Bd7 (27... Rc8 $142 28. Rc1 Bd7) 28. Re3 (28. Ra1 $17) 28... Qa7 (28... Qa6 $19 {Strongly threatening ...Bf8.} 29. Rxc3 Qd6) 29. Ne2 $17 Qb6 (29... Qa6 $17 {White must now prevent ...Bf8.} 30. Rxc3 Qd6) 30. Rxc3 (30. Nb3 $15) 30... Qd6 (30... Bf8 $142 $1 31. Rb3 (31. Nc6 $2 Re6 $19) 31... Rc8) 31. Rb3 Rc8 32. Bd3 Rc7 33. Qe3 {[%emt 0:04:28] [#] Against Bh6} (33. Rb1 $17) 33... Nh5 $1 $19 34. Nc3 Nf4 35. Bf1 {[%emt 0:01:19] [#]} ({Avoid the trap} 35. Nxb5 $2 Bxb5 36. Bxb5 Qd1+ 37. Kh2 Rc1 38. Qxc1 Qxc1 $19) 35... Bh6 $1 {[%emt 0:00:58][%cal Of4h3,Bg7h6,Bh6c1,Bc1d2][%mdl 32] Black is more active.} 36. Qe1 ({But not} 36. Nxb5 $2 Bxb5 37. Bxb5 Qd1+ 38. Kh2 Rc1 39. Qxc1 Qxc1 $19) (36. h4 $17) 36... Qd4 37. Nxb5 Bxb5 38. Bxb5 {[%emt 0:00:02] [#]} Rc1 39. Qxc1 {[%emt 0:00:54] [#]} Nxh3+ $1 {[%emt 0:00:24][%mdl 576] Discovered Attack} 40. Rxh3 (40. gxh3 Bxc1) 40... Bxc1 41. Bc4 $2 (41. Bf1) 41... Qxe4 42. Rb3 Bd2 43. Rf3 (43. Bd3 $142 Qe1+ 44. Bf1) 43... Bf4 44. Rb3 Kg7 45. Bf1 Qe1 46. Nc4 Qd1 47. Rb2 Bc1 48. Re2 f6 49. b5 Qb3 {[%emt 0:00:49][%csl LRb5,LRc4] Inhibits Ra2.} 50. Re1 Bf4 {[%emt 0:03:01] And now ...h5 would win.} ({Inferior is} 50... Qxb5 51. Rxc1 Qc5 52. Rd1 $14) 51. b6 h5 {[%emt 0:00:49][%cal Bh7h5,Bh5h4][%mdl 32] ...h4 is the strong threat.} 52. Ra1 $2 (52. g3 Bg5 53. Ra1) 52... h4 53. Ra7+ Kh6 54. Re7 f5 55. Nxe5 $2 (55. Ra7) 55... Bxe5 56. Rxe5 {[%emt 0:00:05] aiming for Rb5.} Qxb6 {[%emt 0:00:04][%mdl 4096] Endgame KQ-KRB} 57. Re3 (57. Bd3 $142) 57... Qb1 58. Rh3 Kg5 59. g3 (59. Ra3 $142) 59... hxg3 60. Rxg3+ Kf6 61. Kg2 g5 $2 (61... Qe4+ 62. Kg1 g5) 62. Rd3 $2 (62. Be2) 62... Qc2 (62... g4 $142 63. Rg3 Qe4+ 64. Kg1 Qe1) 63. Re3 f4 64. Re2 Qc6+ 65. f3 g4 66. Re4 Kf5 67. Bd3 Qc3 68. fxg4+ Kg5 69. Be2 Qg3+ 70. Kf1 f3 71. Re3 Qg2+ 72. Ke1 fxe2 73. Rxe2 {[%emt 0:00:05] KQ-KR. Black mates.} Qd5 74. Kf2 Kxg4 75. Re3 Kf4 76. Re2 Qh1 77. Re8 Qh4+ 78. Kf1 Qh3+ 79. Kf2 Qa3 80. Re2 Qb3 81. Ke1 Qd3 82. Kf2 Qd1 83. Re1 Qd4+ 84. Ke2 Ke4 85. Kf1+ Kf3 86. Re2 Qd3 {[%emt 0:00:06] Weighted Error Value: White=0.61/Black=0.22 (precise)} 0-1